 Dungeon Crawl Stone Soup version 0.29-a0-474-gdfe5cd140f (webtiles) character file.

Game seed: 10934275320577282137

167 Bruhh the Digger (level 5, -1/45 HPs)
             Began as an Ogre Earth Elementalist on May 24, 2022.
             Slain by a rat (3 damage)
             ... in a sewer.
             The game lasted 00:04:14 (3640 turns).

Bruhh the Digger (Ogre Earth Elementalist)          Turns: 3640, Time: 00:04:15

Health: -1/45      AC:  3    Str: 12    XL:     5   Next: 48%
Magic:  6/11       EV:  9    Int: 18    God:
Gold:   136        SH:  0    Dex:  9    Spells: 8/12 levels left

rFire   . . .      SeeInvis .   (no weapon)
rCold   + . .      Faith    .   (no shield)
rNeg    . . .      Spirit   .   b - +0 robe
rPois   .          Reflect  .   (helmet restricted)
rElec   .          Harm     .   (no cloak)
rCorr   .          Rampage  .   (gloves unavailable)
Will    .....                   (boots unavailable)
Stlth   +.........              (no amulet)
HPRegen 0.15/turn               d - ring of protection from cold
MPRegen 0.12/turn               (no ring)

@: no status effects
A: large, unfitting armour, tough skin 1
a: no special abilities


You were in a sewer.
You visited 1 branch of the dungeon, and saw 3 of its levels.
You also visited: Sewer.

You collected 136 gold pieces.

Inventory:

Missiles
 a - 4 stones
Armour
 b - a +0 robe (worn)
Jewellery
 d - a ring of protection from cold (left hand)
Scrolls
 g - 2 scrolls of blinking {unknown}
 h - 3 scrolls of identify {unknown}
 i - a scroll of poison {unknown}
 j - a scroll of fear {unknown}
 l - a scroll of immolation {unknown}
 m - 2 scrolls of enchant weapon {unknown}
 n - a scroll of vulnerability {unknown}
 q - a scroll of fog {unknown}
 r - a scroll of enchant armour {unknown}
Potions
 c - a potion of magic
 e - a potion of lignification {unknown}
 f - a potion of curing {unknown}
 k - a potion of heal wounds
 o - 2 potions of haste {unknown}
 p - a potion of flight {unknown}
 s - a potion of degeneration {unknown}


   Skills:
 - Level 1.7 Dodging
 - Level 1.4 Stealth
 - Level 4.0 Spellcasting
 + Level 1.0 Conjurations
 - Level 0.8 Transmutations
 + Level 4.5 Earth Magic


You had 8 spell levels left.
You knew the following spells:

 Your Spells              Type           Power      Damage    Failure   Level
a - Sandblast             Erth           38%        2d10      2%          1
b - Stone Arrow           Conj/Erth      26%        3d8       14%         3

Your spell library contained the following spells:

 Spells                   Type           Power      Damage    Failure   Level
 Passwall                 Tmut/Erth      10%        N/A       8%          2
 Petrify                  Tmut/Erth      13%        N/A       43%         4


Dungeon Overview and Level Annotations

Branches:
Dungeon (3/15)              Sewer (1/1)

Altars:

Shops:
D:1 (   D:2 [((   D:3 (*


Innate Abilities, Weirdness & Mutations

You are too large for most types of armour.
You have tough skin. (AC +1)


Message History

Aiming: Sandblast (safe; 2% risk of failure)
Press: ? - help, Shift-Dir - straight line, f - ball python
Aim: a ball python (77% to hit)
The blast of sand hits the ball python!
You kill the ball python!
The rat barely misses you. The rat bites you.
* * * LOW HITPOINT WARNING * * *
Casting: Sandblast (safe; 2% risk of failure)
Confirm with . or Enter, or press ? or * to list all spells.
Aiming: Sandblast (safe; 2% risk of failure)
Press: ? - help, Shift-Dir - straight line, f - rat
Aim: a rat (79% to hit)
The blast of sand misses the rat.
The rat barely misses you. The rat bites you.
* * * LOW HITPOINT WARNING * * *
Casting: Sandblast (safe; 2% risk of failure)
Confirm with . or Enter, or press ? or * to list all spells.
Aiming: Sandblast (safe; 2% risk of failure)
Press: ? - help, Shift-Dir - straight line, f/p - rat
Aim: a rat (79% to hit)
The blast of sand misses the rat.
The rat barely misses you. The rat bites you.
* * * LOW HITPOINT WARNING * * *
Casting: Sandblast (safe; 2% risk of failure)
Confirm with . or Enter, or press ? or * to list all spells.
Aiming: Sandblast (safe; 2% risk of failure)
Press: ? - help, Shift-Dir - straight line, f/p - rat
Aim: a rat (79% to hit)
The blast of sand hits the rat.
You kill the rat!
The rat barely misses you.
You hit the rat but do no damage. The rat bites you.
* * * LOW HITPOINT WARNING * * *
You closely miss the rat. The rat bites you.
* * * LOW HITPOINT WARNING * * *
Casting: Sandblast (safe; 2% risk of failure)
Confirm with . or Enter, or press ? or * to list all spells.
Aiming: Sandblast (safe; 2% risk of failure)
Press: ? - help, Shift-Dir - straight line, f - rat
Aim: a rat (79% to hit)
The blast of sand misses the rat.
The rat bites you.
You die...

##### ####...####
####.........####
#....†@.........##
#......r..#.......#
#......##+##......##
......# ##.†....#
#≈≈≈≈# ##†≈≈≈.#
≈≈≈≈≈ #≈≈≈÷≈≈# ≈≈≈≈
#≈≈≈≈≈≈# ≈≈≈≈
#≈≈≈≈≈≈# #≈≈≈≈≈≈#


You could see a rat.

Vanquished Creatures
  6 adders (Sewer)
  4 river rats (Sewer)
  2 worms (D:3)
  A dart slug (D:1)
  6 endoplasms
  A giant cockroach (D:3)
  4 goblins
  4 hobgoblins
  3 jackals (D:1)
  10 ball pythons
  4 bats
  5 frilled lizards
  3 kobolds
  27 rats
80 creatures vanquished.

Notes
Turn   | Place    | Note
-------+----------+-------------------------------------------
     0 | D:1      | Bruhh the Ogre Earth Elementalist began the quest for the
                  | Orb.
     0 | D:1      | Reached XP level 1. HP: 16/16 MP: 3/3
   212 | D:1      | Found Milloa's Weapon Boutique.
   335 | D:1      | Reached XP level 2. HP: 24/24 MP: 3/5
  1235 | D:2      | Found Manapreg's Antique Armour Shoppe.
  1301 | D:2      | Reached XP level 3. HP: 31/31 MP: 5/7
  1335 | D:2      | Found a faded altar of an unknown god.
  1655 | D:2      | Found Hycucyguqa's Weapon Emporium.
  1736 | D:2      | Found Monk's Weapon Shop.
  2038 | D:3      | Found Huqitos's General Store.
  2064 | D:3      | Found Qempu's Weapon Shop.
  2071 | D:3      | Learned a level 3 spell: Stone Arrow
  2305 | D:3      | Identified the +4 ring mail "Lapum" {rN+ Will- Regen+}
  2649 | D:3      | Found a glowing drain.
  2667 | Sewer    | Entered a sewer
  2849 | Sewer    | Reached XP level 4. HP: 39/39 MP: 7/9
  3338 | Sewer    | Reached XP level 5. HP: 22/45 MP: 0/11
  3518 | Sewer    | Reached skill level 1 in Conjurations
  3639 | Sewer    | HP: 2/45 [rat (2)]
  3640 | Sewer    | Slain by a rat

Illustrated notes

Levels and vault maps discovered:
D:1:      onia_arrival_pyramid, layout_basic, serial_shops, shop,
          chequers_serial_rivers_small_b
D:2:      layout_basic, basic_ecumenical_altar, serial_shops,
          nicolae_shop_trees, nicolae_shop_waterfront, shop,
          chequers_serial_rivers_micro_b
D:3:      layout_basic, serial_shops, nicolae_square_shop,
          nicolae_shop_statue_plus, cheibrodos_sewer_entry_bend
Sewer:    sewer_minmay_w

Skill      XL: |  1  2  3  4  5 |
---------------+----------------+-----
Earth Magic    | 3 4 |  4.5
Spellcasting   | 3 4 |  4.0
Conjurations   | 1 |  1.0
Dodging        | |  1.7
Stealth        | |  1.4
Transmutations | |  0.8

Action                   |  1- 3 |  4- 6 || total
-------------------------+-------+-------++-------
Melee: Unarmed           |    19 |    71 ||    90
 Cast: Sandblast         |    62 |    49 ||   111
  Use: Potion            |       |     1 ||     1
Armor: Robe              |    18 |    64 ||    82
Dodge: Dodged            |    24 |   105 ||   129

Table legend: (Time is in decaauts)
 A = Elapsed time spent in this place.
 B = Non-inter-level travel time spent in this place.
 C = Inter-level travel time spent in this place.
 D = Time resting spent in this place.
 E = Time spent auto-exploring this place.
 F = Levels seen in this place.
 G = Mean time per level.
                   A        B        C        D        E       F      G
               +--------+--------+--------+--------+--------+-----+--------+
         Total |   3709 |   3673 |     36 |    134 |   3020 |   4 |  927.2 |
       Dungeon |   2669 |   2633 |     36 |      0 |   2377 |   3 |  889.7 |
         Sewer |   1040 |   1040 |      0 |    134 |    643 |   1 | 1040.0 |
               +--------+--------+--------+--------+--------+-----+--------+

Top non-repeatable levels by time:
     D:1: 1143 daAuts
   Sewer: 1040 daAuts
     D:2: 892 daAuts
     D:3: 632 daAuts
